 Dungeon Crawl Stone Soup version 0.21.1-1-g345015f (webtiles) character file.

81 straycat the Vexing (level 4, -7/33 HPs)
             Began as a Vampire Wanderer on Mar 2, 2018.
             Mangled by Grinder (9 damage)
             ... on level 4 of the Dungeon on May 23, 2018.
             The game lasted 00:16:24 (3245 turns).

straycat the Vexing (Vampire Wanderer)              Turns: 3245, Time: 00:16:25

Health: -7/33      AC:  6    Str: 10    XL:     4   Next: 20%
Magic:  14/14      EV: 12    Int: 13    God:
Gold:   157        SH:  0    Dex: 16    Spells: 2/5 levels left

rFire    . . .     SeeInvis +   i - +0 spear
rCold    . . .     Gourm    .   (no shield)
rNeg     + . .     Faith    .   m - +0 leather armour
rPois    .         Spirit   .   (no helmet)
rElec    .         Reflect  .   (no cloak)
rCorr    .         Harm     .   (no gloves)
MR       .....                  r - +2 pair of boots
Stlth    ++........             (no amulet)
HPRegen  0.11/turn              y - ring of magical power
MPRegen  0.14/turn              (no ring)

@: no status effects
A: fangs 3, see invisible, unbreathing
a: Bat Form


You were on level 4 of the Dungeon.
You were not thirsty.

You visited 1 branch of the dungeon, and saw 4 of its levels.

You collected 157 gold pieces.

Inventory:

Hand Weapons
 c - a +0 blowgun
 d - a +0 dagger
 h - a +0 hunting sling
 i - a +0 spear (weapon)
 x - a +0 battleaxe
 z - a +1 dagger of freezing
Missiles
 o - 7 tomahawks (quivered)
 s - 16 bolts
 u - 4 poisoned needles
Armour
 b - a +0 ring mail
 m - a +0 leather armour (worn)
 r - a +2 pair of boots (worn)
Jewellery
 y - a ring of magical power (left hand)
Scrolls
 f - 2 scrolls of remove curse
 g - a scroll of amnesia {unknown}
 j - 3 scrolls of teleportation
 l - a scroll of immolation {unknown}
 p - a scroll of fear {unknown}
 t - a scroll of identify {unknown}
 v - a scroll of fog {unknown}
Potions
 e - 8 potions of blood
 k - 4 potions of curing {unknown}
 n - 3 potions of brilliance {unknown}
 q - a potion of haste {unknown}
 w - a potion of degeneration {unknown}
Books
 a - a book of Maledictions

   Spells                             Type                      Level
   a - Corona                         Hexes                        1
   b - Ensorcelled Hibernation        Hexes/Ice                    2
   c - Confuse                        Hexes                        3
   d - Tukima's Dance                 Hexes                        3
   e - Dazzling Spray                 Conjuration/Hexes            3


   Skills:
 - Level 1.7 Fighting
 * Level 1.0 Short Blades
 - Level 1.5 Armour
 * Level 2.0 Dodging
 + Level 3.3 Stealth
   Level 1.0 Shields
 - Level 1.0 Spellcasting
 + Level 5.2 Hexes
   Level 1.0 Air Magic


You had 2 spell levels left.
You knew the following spells:

 Your Spells              Type           Power        Failure   Level  Hunger
a - Corona                Hex            ##.....      4%          1    ##.....
b - Ensorcelled Hibernat  Hex/Ice        #.....       19%         2    ###....


Dungeon Overview and Level Annotations

Branches:
Dungeon (4/15)
 Temple: D:4-7

Altars:

Annotations:
D:4 Grinder


Innate Abilities, Weirdness & Mutations

You have razor-sharp teeth.
You have supernaturally acute eyesight. (SInv)
You can survive without breathing.


Message History

You hit the giant cockroach.
You kill the giant cockroach!
You see here a giant cockroach corpse.
Grinder blinks!
You open the door.
An orc comes into view. It is wielding a hand axe.
Grinder blinks!
Grinder blinks!
There is an open door here.
Two of your 10 potions of blood rot away.
The orc shouts!
The orc misses you.
You hit the orc.
The orc is lightly wounded.
Grinder blinks!
The orc hits you with a hand axe.
* * * LOW HITPOINT WARNING * * *
You hit the orc.
The orc is moderately wounded.
Grinder hits you!
You die...

#.#..####.........#
#.###5.#
##.......## ##
#.#.# ##..w..##
#.##.# ##...## ##
#.# ##'## #.# #.#
#.# #.# #.# ##.##
#.# #5@.## #.#
#..o..# #.#
##...#...
#.#######.##.###
#......<..# #
#########....#
######


You could see Grinder, a worm and an orc.

Vanquished Creatures
  3 adders
  2 oozes (D:2)
  2 leopard geckos
  2 orcs (D:3)
  4 bats
  4 giant cockroaches
  3 goblins (D:3)
  9 hobgoblins
  A quokka (D:2)
  4 frilled lizards
  A kobold (D:3)
  7 rats
42 creatures vanquished.

Notes
Turn   | Place    | Note
-------+----------+-------------------------------------------
     0 | D:1      | straycat the Vampire Wanderer began the quest for the Orb.
     0 | D:1      | straycat set off with: a book of Maledictions, a +0 ring mail, a potion of lignification, a +0 dagger, a potion of blood
     0 | D:1      | Reached XP level 1. HP: 15/15 MP: 2/2
    15 | D:1      | Learned a level 1 spell: Corona
   664 | D:1      | Reached skill level 1 in Dodging
   664 | D:1      | Reached XP level 2. HP: 19/21 MP: 3/3
  1099 | D:2      | Reached XP level 3. HP: 20/26 MP: 4/4
  1237 | D:2      | Reached skill level 5 in Hexes
  2155 | D:3      | Reached XP level 4. HP: 33/33 MP: 5/5
  2403 | D:3      | Learned a level 2 spell: Ensorcelled Hibernation
  2542 | D:3      | Noticed Grinder
  2555 | D:3      | Paralysed by Grinder for 4 turns
  2828 | D:3      | Paralysed by Grinder for 7 turns
  2845 | D:3      | Paralysed by Grinder for 7 turns
  2854 | D:3      | Paralysed by Grinder for 4 turns
  2861 | D:3      | Paralysed by Grinder for 5 turns
  2875 | D:3      | Reached skill level 1 in Short Blades
  2887 | D:3      | Paralysed by Grinder for 5 turns
  3164 | D:3      | Paralysed by Grinder for 2 turns
  3170 | D:3      | Paralysed by Grinder for 7 turns
  3245 | D:4      | Mangled by Grinder

Skill      XL: |  1  2  3  4 |
---------------+-------------+-----
Stealth        | 2 3 |  3.3
Dodging        | 1 2 |  2.0
Hexes          | 5 |  5.2
Short Blades   | 1 |  1.0
Fighting       | |  1.7
Armour         | |  1.5
Shields        | |  1.0
Spellcasting   | |  1.0
Air Magic      | |  1.0

Action                   |  1- 3 |  4- 6 || total
-------------------------+-------+-------++-------
Melee: Dagger            |    51 |    36 ||    87
       Spear             |    94 |    34 ||   128
       Bite              |    10 |     3 ||    13
 Cast: Corona            |       |     6 ||     6
 Abil: End Transformatio |       |     1 ||     1
       Bat Form          |       |     1 ||     1
  Use: Potion            |     6 |       ||     6
       Scroll            |       |     2 ||     2
 Stab: Sleeping          |     6 |       ||     6
  Eat: Corpse            |     2 |       ||     2
Armor: Ring mail         |    59 |     4 ||    63
       Skin              |     1 |       ||     1
       Leather armour    |       |    11 ||    11
Dodge: Dodged            |    83 |    43 ||   126
